 Dungeon Crawl Stone Soup version 0.25-a0-668-gea548f19b6 (console) character file.

Game seed: 16621049083584359757, levelgen mode: classic

24 Duffy the Shield-Bearer (level 3, 19/19 HPs)
             Began as a Vine Stalker Fighter on Mar 28, 2020.
             Quit the game on level 1 of the Dungeon.
             The game lasted 00:00:25 (444 turns).

Duffy the Shield-Bearer (Vine Stalker Fighter)       Turns: 444, Time: 00:00:26

Health: 19/19      AC:  6    Str: 18    XL:     3   Next: 2%
Magic:  4/4        EV:  7    Int:  9    God:
Gold:   19         SH:  9    Dex: 13    Spells: 2/2 levels left

rFire    + . .     SeeInvis .   a - +0 war axe
rCold    . . .     Gourm    .   c - +0 kite shield
rNeg     . . .     Faith    .   b - +0 scale mail
rPois    +         Spirit   +   (no helmet)
rElec    .         Reflect  .   (no cloak)
rCorr    .         Harm     .   (no gloves)
MR       .....                  (no boots)
Stlth    ..........             (no amulet)
HPRegen  0.06/turn              e - ring of protection from fire
MPRegen  0.09/turn              j - ring of poison resistance

@: no status effects
A: fangs 2, magic shield, antimagic bite, no potion heal 3, rot immunity
a: no special abilities


You were on level 1 of the Dungeon.
You were not hungry.

You visited 1 branch of the dungeon, and saw 1 of its levels.

You collected 19 gold pieces.

Inventory:

Hand Weapons
 a - a +0 war axe (weapon)
Armour
 b - a +0 scale mail (worn)
 c - a +0 kite shield (worn)
Jewellery
 e - a ring of protection from fire (left hand)
 j - a ring of poison resistance (right hand)
Scrolls
 g - a scroll of identify {unknown}
 i - a scroll of remove curse {unknown}
 k - a scroll of magic mapping {unknown}
Potions
 d - a potion of might
Comestibles
 f - a ration
 h - a chunk of flesh


   Skills:
 + Level 2.9 Fighting
 * Level 2.3 Axes
 + Level 2.5 Armour
 + Level 0.5 Dodging
 + Level 2.9 Shields


You had 2 spell levels left.
You didn't know any spells.
Your spell library was empty.

Dungeon Overview and Level Annotations

Branches:
Dungeon (1/15)

Altars:


Innate Abilities, Weirdness & Mutations

You have extremely sharp teeth.
When hurt, damage is shared between your health and your magic reserves.
Your bite disrupts and absorbs the magic of your enemies.
Potions cannot restore your health.
You are immune to rotting.


Message History

Found an escape hatch in the floor.
j - a brass ring No target in view!
j - a ring of poison resistance (right hand)
Found 18 bolts.
There is an escape hatch in the floor here.
k - a scroll labeled FIROIW YFFEINT An ooze comes into view.
The ooze quivers.
You hit the ooze but do no damage. You bite the ooze. You drain its power.
The ooze is moderately wounded.
The ooze closely misses you.
You slash the ooze! You bite the ooze.
You kill the ooze!
You have reached level 3!
Your experience leads to an increase in your attributes!
Increase (S)trength, (I)ntelligence, or (D)exterity?
You feel clever.
Your library has no spells.
Are you sure you want to abandon this character and quit the game? (Confirm with "yes".)

........# #..#
........# #..#
........# #.>#
........# #..#
........#
#..#####
^.......#
#######..(...#
#####.>..
........####.#
#########.#
.......@..#
###.....#.#
#.###.#.# #
#.#.# #.#.#
#.### #.. ###


There were no monsters in sight!

Vanquished Creatures
  An ooze (D:1)
  A giant cockroach (D:1)
  2 goblins (D:1)
  3 hobgoblins (D:1)
  3 jackals (D:1)
  4 bats (D:1)
  2 kobolds (D:1)
  A rat (D:1)
17 creatures vanquished.

Notes
Turn   | Place    | Note
-------+----------+-------------------------------------------
     0 | D:1      | Duffy the Vine Stalker Fighter began the quest for the Orb.
     0 | D:1      | Reached XP level 1. HP: 11/11 MP: 2/2
   114 | D:1      | Reached XP level 2. HP: 11/16 MP: 3/3
   443 | D:1      | Reached XP level 3. HP: 19/19 MP: 4/4
   444 | D:1      | Quit the game

Levels and vault maps discovered:
D:1:      onia_arrival_mini_spirals, layout_basic, minmay_split_cup_large

Skill      XL: |  1 |
---------------+----+-----
Axes           | 2 |  2.3
Fighting       | |  2.9
Armour         | |  2.5
Dodging        | |  0.5
Shields        | |  2.9

Action                   || total
-------------------------++-------
Melee: War axe           ||    32
       Bite              ||     7
Armor: Scale mail        ||    21
Dodge: Dodged            ||    11
Block: Kite shield       ||    26

Table legend:
 A = Non-vault XP
 B = Vault XP
 C = Vault XP percentage of total XP
 D = Non-vault monster count
 E = Vault monster count
 F = Vault count percentage of total count
                 A         B        C        D         E       F
            +---------+---------+-------+---------+---------+-------
      Total |      35 |       0 |   0.0 |      17 |       0 |   0.0
            +---------+---------+-------+---------+---------+-------
        D:1 |      35 |       0 |   0.0 |      17 |       0 |   0.0
            +---------+---------+-------+---------+---------+-------
